AoeStats
← JogaBonito

Arena

510184624Analyzed
4v4 RM · 3d ago on Sep 29, 2026· 51m 17s· 8 players
Game mode
Random Map
Map size
Large (8 player)
Population
200
Speed
Normal
Resources
Standard
Victory
Conquest
Starting age
Dark Age
Ending age
Imperial Age
RankedLock teamsTeams togetherTeam positionsShared explorationLock speedFull tech treeHidden civsTurbo modeCheats
Victory
Defeat
🇲🇽 Muisca · Mexico
1040
+14
🇺🇸 Franks · United States
1021
+15
🇺🇸 Turks · United States
981
+17
🇺🇸 Mongols · United States
947
+17
🇵🇹 Goths · Portugal
1030
-17
🇹🇷 Mongols · Türkiye
1000
-48
🇫🇷 Wei · France
984
-15
🇫🇷 Burgundians · France
980
-15
lyonnais--86
11:23 Feudal Age
16:49 Castle Age
15:01 Double-Bit Axe
16:04 Horse Collar
16:45 Gold Mining
20:39 Loom
24:08 Bow Saw
25:28 Heavy Plow
27:38 Wheelbarrow
30:05 Imperial Age
29:10 Gold Shaft Mining
28:26 Stone Mining
28:51 Town Watch
29:56 Hand Cart
31:33 Stone Shaft Mining
31:12 Scale Barding Armor
31:19 Forging
31:40 Fletching
31:51 Padded Archer Armor
32:26 Conscription
34:06 Ballistics
34:50 Chemistry
34:19 Chain Barding Armor
33:58 Bodkin Arrow
35:03 Iron Casting
35:38 Bracer
35:54 Leather Archer Armor
35:44 Squires
35:07 Pikeman
35:59 Thumb Ring
35:16 Elite Skirmisher
38:05 Scale Mail Armor
39:06 Blast Furnace
37:45 Halberdier
41:32 Heavy Scorpion
razors-38i
7:03 Double-Bit Axe
10:59 Feudal Age
12:35 Horse Collar
15:16 Castle Age
13:37 Bow Saw
14:46 Wheelbarrow
17:30 Two-Man Saw
16:34 Heavy Plow
21:30 Loom
23:29 Hand Cart
23:18 Gold Mining
23:30 Stone Mining
29:34 Imperial Age
27:01 Cavalier
27:32 Treadmill Crane
28:13 Ballistics
28:21 Padded Archer Armor
28:33 Forging
28:24 Scale Mail Armor
28:32 Scale Barding Armor
29:59 Paladin
31:51 Chemistry
31:56 Gold Shaft Mining
31:56 Stone Shaft Mining
31:29 Burgundian Vineyards
31:47 Conscription
31:18 Pikeman
32:38 Chain Mail Armor
34:34 Husbandry
35:12 Iron Casting
35:30 Town Watch
36:02 Elite Skirmisher
38:14 Blast Furnace
40:10 Chain Barding Armor
40:21 Plate Mail Armor
39:42 Fletching
40:08 Leather Archer Armor
41:43 Plate Barding Armor
42:39 Halberdier
45:56 Bodkin Arrow
46:35 Light Cavalry
JogaBonito
12:29 Feudal Age
12:54 Horse Collar
13:02 Double-Bit Axe
13:10 Gold Mining
14:14 Stone Mining
19:11 Wheelbarrow
20:40 Castle Age
!
5:15 Loom
11:25 Feudal Age
12:01 Double-Bit Axe
13:11 Man-at-Arms
15:54 Scale Mail Armor
20:07 Forging
25:48 Wheelbarrow
27:41 Castle Age
25:51 Gold Mining
25:43 Horse Collar
Doc Awk
10:59 Feudal Age
15:00 Castle Age
14:13 Wheelbarrow
26:14 Hand Cart
26:53 Husbandry
27:20 Double-Bit Axe
30:11 Scale Barding Armor
30:16 Forging
34:38 Imperial Age
34:08 Fletching
34:39 Chain Barding Armor
34:29 Forging
34:43 Chain Barding Armor
34:52 Cavalier
36:09 Iron Casting
36:18 Bow Saw
36:22 Masonry
37:12 Paladin
40:20 Blast Furnace
41:34 Squires
44:31 Conscription
46:46 Caravan
NikoNikoNiiUwUQueen
10:45 Feudal Age
14:59 Castle Age
14:29 Padded Archer Armor
14:42 Scale Mail Armor
14:08 Champi Runner
15:41 Forging
15:18 Champi Warrior
16:52 Wheelbarrow
16:29 Squires
18:19 Wheelbarrow
17:29 Loom
21:53 Chain Mail Armor
26:28 Hand Cart
26:40 Horse Collar
26:54 Double-Bit Axe
34:12 Heavy Plow
34:25 Bow Saw
34:15 Gold Mining
36:58 Pikeman
38:24 Gold Shaft Mining
41:28 Imperial Age
39:53 Forging
42:51 Crop Rotation
43:25 Two-Man Saw
42:48 Conscription
42:30 Herbalism
43:26 Plate Mail Armor
43:35 Iron Casting
42:50 Elite Temple Guard
43:21 Elite Champi Warrior
49:40 Stone Mining
Alcatraz
11:15 Feudal Age
11:39 Loom
12:19 Double-Bit Axe
15:46 Castle Age
14:21 Horse Collar
18:31 Bow Saw
24:14 Fletching
24:24 Padded Archer Armor
25:02 Wheelbarrow
25:18 Bodkin Arrow
29:30 Imperial Age
27:04 Heavy Plow
27:37 Gold Mining
30:55 Conscription
31:49 Hand Cart
31:20 Town Watch
31:39 Bracer
31:55 Leather Archer Armor
32:45 Chemistry
33:23 Scale Barding Armor
33:29 Forging
33:42 Ballistics
33:19 Murder Holes
35:19 Nomads
37:02 Gold Shaft Mining
37:41 Iron Casting
37:27 Chain Barding Armor
37:22 Bloodlines
37:12 Husbandry
36:33 Light Cavalry
37:33 Stone Mining
38:49 Stone Shaft Mining
39:54 Blast Furnace
39:09 Siege Engineers
38:34 Hussar
39:59 Masonry
42:11 Hoardings
41:57 Drill
46:30 Thumb Ring
46:50 Parthian Tactics
45:53 Elite Mangudai
49:34 Fortified Wall
49:10 Capped Ram
50:48 Siege Ram
Phoenix
11:15 Feudal Age
14:58 Castle Age
13:38 Double-Bit Axe
17:31 Bow Saw
21:15 Wheelbarrow
20:25 Town Watch
20:28 Loom
25:18 Gold Mining
27:32 Hand Cart
29:54 Imperial Age
47:22 Two-Man Saw
46:55 Conscription
49:34 Scale Barding Armor
49:40 Forging
51:49 Bloodlines
51:40 Husbandry
Connection lost

Rejoining the realm…

Still unreachable

The connection could not be restored.

Session expired

The server has moved on; the page needs a fresh start.